 Dungeon Sprint DCSS version 0.24.0 (webtiles) character file.

Game seed: 10368891241634158408, levelgen mode: deterministic

67217 TheOrbIsALie the Wrestler (level 15, -4/126 HPs)
             Began as a Gargoyle Transmuter on May 10, 2020.
             Was the Champion of Okawaru.
             Slain by a stone giant (8 damage)
             ... in the Dungeon (Sprint IX: "|||||||||||||||||||||||||||||").
             The game lasted 00:13:30 (4131 turns).

TheOrbIsALie the Wrestler (Gargoyle Transmuter)     Turns: 4131, Time: 00:13:31

Health: -4/126     AC: 10    Str: 17    XL:     15   Next: 22%
Magic:  28/36      EV: 25    Int: 17    God:    Okawaru [******]
Gold:   324        SH:  0    Dex: 13    Spells: 43/49 levels left

rFire    . . .     SeeInvis .     - Unarmed
rCold    . . .     Gourm    .   (no shield)
rNeg     + . .     Faith    .   x - +0 troll leather armour
rPois    ∞         Spirit   .   H - +1 helmet
rElec    +         Reflect  .   G - +1 cloak {+Inv}
rCorr    .         Harm     .   J - +1 pair of gloves
MR       +....     NoTele   +   F - +1 pair of boots
Stlth    ++++......             D - amulet of Vitality {Regen+ HP+15}
HPRegen  1.11/turn              q - +3 ring of intelligence
MPRegen  0.25/turn              r - +2 ring of protection

@: heroism, marked, corroded
A: big wings, negative energy resistance 1, electricity resistance, unbreathing,
petrification resistance, rot immunity, AC +11
a: Fly, Heroism, Finesse, Renounce Religion, Evoke Invisibility


You were in the Dungeon.
You worshipped Okawaru.
Okawaru was exalted by your worship.
You were hungry.

You visited 1 branch You collected 1950 gold pieces.
You spent 1626 gold pieces at shops.

Inventory:

Missiles
 a - 51 arrows
 c - 12 javelins (quivered)
Armour
 b - a +0 robe
 o - +1 fire dragon scales
 v - the +2 hat "Barchucs" {+Fly Regen+}
   (Okawaru gifted it to you in the Dungeon)

   It lets you fly.
   It increases your rate of regeneration.
 x - a +0 troll leather armour (worn)
 F - a +1 pair of boots (worn)
 G - a +1 cloak of invisibility (worn)
 H - a +1 helmet (worn)
 I - +0 storm dragon scales
 J - a +1 pair of gloves (worn)
Jewellery
 q - a +3 ring of intelligence (left hand)
 r - a +2 ring of protection (right hand)
 w - an uncursed ring of protection from magic
 C - the amulet "Teza" {Spirit rC- Int+3}
   (You acquired it in the Dungeon)

   [amulet of guardian spirit]

   It causes incoming damage to be split between your health and magic.
   It affects your intelligence (+3).
   It makes you vulnerable to cold.
 D - the amulet of Vitality (around neck) {Regen+ HP+15}
   (You bought it in a shop in the Dungeon)

   [amulet of regeneration]

   It affects your health (+15).
   It increases your rate of regeneration.
 E - an uncursed amulet of faith
Wands
 n - a wand of iceblast (5)
 A - a wand of flame (18)
 B - a wand of paralysis (1)
Scrolls
 j - 2 scrolls of blinking
 l - 6 scrolls of remove curse
 m - 2 scrolls of amnesia
 s - 4 scrolls of enchant armour
 t - 2 scrolls of identify
 u - a scroll of fear
 L - a scroll of fog
Potions
 e - 5 potions of curing
 f - a potion of agility
 h - 4 potions of magic
 i - 4 potions of berserk rage
 k - a potion of invisibility
 K - a potion of might
Comestibles
 d - 9 rations
 p - 4 chunks of flesh


   Skills:
 + Level 19.2(24.2) Fighting
 + Level 16.0(21.0) Dodging
 - Level 3.0(8.0) Stealth
 + Level 21.3(26.3) Unarmed Combat
 + Level 17.5 Spellcasting
 - Level 13.2 Transmutations
 - Level 0.7 Invocations
 - Level 3.4 Evocations


You had 43 spell levels left.
You knew the following spells:

 Your Spells              Type           Power        Failure   Level  Hunger
a - Beastly Appendage     Tmut           ######       1%          1    None
b - Blade Hands           Tmut           ######....   1%          5    ###....

Your spell library contained the following spells:

 Spells                   Type           Power        Failure   Level  Hunger
 Sticks to Snakes         Tmut           ######..     1%          2    None
 Spider Form              Tmut/Pois      #####.....   1%          3    None
 Ice Form                 Ice/Tmut       #####...     3%          4    None


Dungeon Overview and Level Annotations

Branches:
Dungeon (1/1)

Altars:
Cheibriados
Dithmenos
Elyvilon
Fedhas
Gozag
Hepliaklqana
Kikubaaqudgha
Makhleb
Nemelex Xobeh
Okawaru
Qazlal
Ru
Sif Muna
Trog
Uskayaw
Vehumet
Wu Jian
Xom
Yredelemnul
Zin
The Shining One
Beogh
Jiyva
Lugonu

Shops:
D ?=*?


Innate Abilities, Weirdness & Mutations

You are resistant to torment.
Your stone body is resilient. (AC +11)
You are immune to poison.
Your large and strong wings let you fly indefinitely.
You resist negative energy. (rN+)
You are resistant to electric shocks. (rElec)
You can survive without breathing.
You are immune to petrification.
You are immune to rotting.


Message History

Okay, then.
Unknown command.
You gain the combat prowess of a mighty hero.
The stone giant throws a large rock.
The large rock barely misses you.
Okay, then.
Unknown command.
Okay, then.
Unknown command.
Your hands revert to their normal proportions.
Your +1 pair of gloves unmelds from your body.
The stone giant hits you!!
* * * LOW HITPOINT WARNING * * *
Items here: ( ))) [[[ ††† Unknown command.
Okay, then.
You barely miss the stone giant.
The ironheart preserver gestures wildly while chanting.
The ironheart preserver begins to accept its allies' injuries.
The stone giant hits you!
You die...

'▓.▓.▓.▓[▓.▓(▓.▓.▓
†▓.▓.▓.▓.▓.▓)▓.▓.▓
.▓.▓)▓.▓.▓.▓†▓.▓.▓
.▓.▓.▓.▓.▓.▓.▓.▓.▓
.▓.▓.▓)▓.▓.▓†▓.▓.▓
.▓.▓.▓.▓.▓.▓†▓.▓+▓
.▓.▓.▓.▓.▓.▓.▓.▓(▓
.▓.▓.▓.▓.▓.▓.▓.▓)▓
.▓.▓.▓.▓.▓.▓.▓.▓@▓
.▓.▓)▓.▓.▓.▓.▓.▓C▓
'▓.▓)▓.▓[▓.▓.▓.▓p▓
†▓.▓)▓.▓'▓.▓.▓.▓T▓
†▓)▓)▓.▓.▓.▓.▓.▓p▓
÷▓.▓)▓.▓(▓.▓.▓.▓p▓
.▓.▓.▓.▓÷▓.▓'▓.▓c▓
.▓.▓∩▓.▓)▓.▓†▓.▓.▓
.▓)▓.▓.▓)▓.▓)▓.▓p▓


You could see an ironheart preserver, a stone giant, a vault warden, a deep
troll, an ironbrand convoker and a yaktaur.

Vanquished Creatures
  Saint Roka (D)
  A lich (D)
  A deep elf master archer (D)
  A sphinx (D)
  A thorn hunter (D)
  A fire giant (D)
  A vault warden (D)
  3 very ugly things (D)
  2 stone giants (D)
  A vampire knight (D)
  Nessos (D)
  2 entropy weavers (D)
  A purple draconian (D)
  A spark wasp (D)
  3 ettins (D)
  Josephine (D)
  A yaktaur captain (D)
  Erolcha (D)
  2 hydras (D)
  Harold (D)
  2 ice dragons (D)
  A spriggan air mage (D)
  A naga warrior (D)
  A merfolk avatar (D)
  A centaur warrior (D)
  A merfolk aquamancer (D)
  3 ogre magi (D)
  2 deep troll earth magi (D)
  A tengu warrior (D)
  2 deep troll shamans (D)
  A naga sharpshooter (D)
  5 orc high priests (D)
  A shock serpent (D)
  Nergalle (D)
  Urug (D)
  An iron troll (shapeshifter) (D)
  2 wizards (D)
  3 ironbrand convokers (D)
  A deep elf archer (D)
  An orb spider (shapeshifter) (D)
  A mana viper (D)
  An orc sorcerer (D)
  7 orc knights (D)
  An orb spider (D)
  6 manticores (D)
  A cyclops (D)
  A vault sentinel (D)
  A guardian serpent (D)
  Maurice (D)
  A black mamba (D)
  2 naga magi (D)
  5 spiny frogs (D)
  3 yaktaurs (D)
  A tengu conjurer (D)
  2 komodo dragons (D)
  A merfolk (D)
  3 jumping spiders (D)
  A meliai (D)
  A tyrant leech (D)
  A bog body (D)
  A blink frog (D)
  3 hippogriffs (D)
  A hornet (D)
  2 slime creatures (D)
  A redback (D)
  2 tarantellas (D)
  2 water elementals (D)
  4 wraiths (D)
  A wyvern (D)
  A vampire mosquito (D)
  A naga (D)
  6 wargs (D)
  4 water moccasins (D)
  2 porcupines (D)
  A hell hound (D)
  13 orc warriors (D)
  An eye of draining (D)
  A swamp drake (D)
  2 wolves (D)
  3 crocodiles (D)
  2 bullfrogs (D)
  A scorpion (D)
  A jelly (D)
  9 orc priests (D)
  6 orc wizards (D)
  An adder (D)
  A leopard gecko (D)
  7 orcs (D)
  2 bat skeletons (D)
  A giant cockroach (D)
  A hobgoblin (D)
  2 kobolds (D)
  A ball python skeleton (D)
  A frilled lizard (D)
  A giant cockroach zombie (D)
189 creatures vanquished.

Vanquished Creatures (others)
  An insubstantial wisp (D)
1 creature vanquished.

Grand Total: 190 creatures vanquished

Notes
Turn   | Place    | Note
-------+----------+-------------------------------------------
     0 | D        | TheOrbIsALie the Gargoyle Transmuter began the quest for
                  | the Orb.
     0 | D        | Reached XP level 1. HP: 12/12 MP: 3/3
   253 | D        | Noticed a jelly
   255 | D        | Reached XP level 2. HP: 14/16 MP: 3/5
   263 | D        | Reached skill level 5 in Unarmed Combat
   263 | D        | Reached XP level 3. HP: 6/20 MP: 4/8
   276 | D        | Found a roughly hewn altar of Beogh.
   276 | D        | Found a snail-covered altar of Cheibriados.
   276 | D        | Found a shadowy altar of Dithmenos.
   276 | D        | Found a white marble altar of Elyvilon.
   276 | D        | Found a blossoming altar of Fedhas.
   276 | D        | Found an opulent altar of Gozag.
   277 | D        | Found a hazy altar of Hepliaklqana.
   278 | D        | Found a viscous altar of Jiyva.
   279 | D        | Found an ancient bone altar of Kikubaaqudgha.
   280 | D        | Found a corrupted altar of Lugonu.
   281 | D        | Found a burning altar of Makhleb.
   282 | D        | Found a sparkling altar of Nemelex Xobeh.
   283 | D        | Found an iron altar of Okawaru.
   284 | D        | Found a stormy altar of Qazlal.
   285 | D        | Found a sacrificial altar of Ru.
   286 | D        | Found a shimmering blue altar of Sif Muna.
   287 | D        | Found a bloodstained altar of Trog.
   288 | D        | Found a hide-covered altar of Uskayaw.
   289 | D        | Found a radiant altar of Vehumet.
   290 | D        | Found an ornate altar of the Wu Jian Council.
   291 | D        | Became a worshipper of Warmaster Okawaru
   292 | D        | Found a shimmering altar of Xom.
   293 | D        | Found a basalt altar of Yredelemnul.
   294 | D        | Found a glowing silver altar of Zin.
   295 | D        | Found a glowing golden altar of the Shining One.
   489 | D        | Noticed an orc warrior
   489 | D        | Noticed a hippogriff
   489 | D        | Noticed a scorpion
   512 | D        | Killed an orc warrior
   512 | D        | Reached * piety under Okawaru
   512 | D        | Reached skill level 7 in Unarmed Combat
   512 | D        | Reached XP level 4. HP: 9/26 MP: 10/10
   512 | D        | Reached XP level 5. HP: 10/30 MP: 11/11
   515 | D        | Killed a hippogriff
   515 | D        | Reached skill level 1 in Stealth
   515 | D        | Reached skill level 9 in Unarmed Combat
   515 | D        | Reached skill level 5 in Spellcasting
   515 | D        | Reached skill level 1 in Evocations
   515 | D        | Reached XP level 6. HP: 12/36 MP: 12/14
   527 | D        | Reached ** piety under Okawaru
   527 | D        | Reached skill level 10 in Unarmed Combat
   754 | D        | Noticed a centaur warrior
   754 | D        | Noticed a wyvern
   754 | D        | Noticed a cyclops
   754 | D        | Noticed a komodo dragon
   754 | D        | Noticed a hippogriff
   772 | D        | Killed a centaur warrior
   772 | D        | Reached *** piety under Okawaru
   772 | D        | Reached skill level 5 in Dodging
   772 | D        | Reached skill level 12 in Unarmed Combat
   772 | D        | Reached skill level 5 in Transmutations
   772 | D        | Reached XP level 7. HP: 35/43 MP: 13/17
   772 | D        | Reached XP level 8. HP: 39/48 MP: 13/18
   779 | D        | Killed a wyvern
   790 | D        | Killed a cyclops
   790 | D        | Reached skill level 13 in Unarmed Combat
  1039 | D        | Learned a level 5 spell: Blade Hands
  1051 | D        | Killed a komodo dragon
  1051 | D        | Reached **** piety under Okawaru
  1051 | D        | Reached XP level 9. HP: 52/52 MP: 13/20
  1097 | D        | Reached skill level 14 in Unarmed Combat
  1311 | D        | Noticed a spiny frog
  1311 | D        | Noticed a spiny frog
  1311 | D        | Noticed a four-headed hydra
  1311 | D        | Noticed a spiny frog
  1316 | D        | Killed a spiny frog
  1316 | D        | Reached skill level 5 in Fighting
  1319 | D        | Killed a seven-headed hydra
  1319 | D        | Reached ***** piety under Okawaru
  1320 | D        | Killed a spiny frog
  1323 | D        | Reached XP level 10. HP: 26/61 MP: 14/22
  1324 | D        | Noticed a spiny frog
  1325 | D        | Killed a spiny frog
  1335 | D        | Killed a spiny frog
  1335 | D        | Reached skill level 15 in Unarmed Combat
  1561 | D        | Noticed an eight-headed hydra
  1564 | D        | Killed a ten-headed hydra
  1564 | D        | Received a gift from Okawaru
  1564 | D        | Received a gift from Okawaru
  1591 | D        | Reached skill level 10 in Spellcasting
  1600 | D        | Got a transparent hat {god gift}
  1606 | D        | Identified the +2 hat "Barchucs" {+Fly Regen+} (Okawaru
                  | gifted it to you in the Dungeon)
  1670 | D        | Reached XP level 11. HP: 71/71 MP: 19/25
  1757 | D        | Noticed Erolcha
  1776 | D        | Killed Erolcha
  1776 | D        | Reached skill level 10 in Fighting
  1797 | D        | Noticed Maurice
  1806 | D        | Killed Maurice
  1807 | D        | Noticed Josephine
  1814 | D        | Killed Josephine
  1814 | D        | Reached skill level 16 in Unarmed Combat
  1843 | D        | Noticed Harold
  1856 | D        | Killed Harold
  1900 | D        | Noticed an orc knight
  1900 | D        | Noticed an orc knight
  1902 | D        | Noticed an orc knight
  1904 | D        | Killed an orc knight
  1904 | D        | Reached skill level 10 in Transmutations
  1913 | D        | Killed an orc knight
  1921 | D        | Killed an orc knight
  1921 | D        | Reached skill level 10 in Dodging
  2150 | D        | Noticed an orc knight
  2150 | D        | Noticed an orc knight
  2150 | D        | Noticed an orc knight
  2157 | D        | Killed an orc knight
  2167 | D        | Killed an orc knight
  2167 | D        | Reached ****** piety under Okawaru
  2168 | D        | Noticed an orc sorcerer
  2174 | D        | Killed an orc knight
  2437 | D        | Killed an orc sorcerer
  2437 | D        | Received a gift from Okawaru
  2437 | D        | Reached XP level 12. HP: 81/81 MP: 27/27
  2515 | D        | Found Hokhlilo's Magic Scroll Emporium.
  2515 | D        | Noticed an orc high priest
  2515 | D        | Noticed an orc high priest
  2515 | D        | Noticed an orc high priest
  2517 | D        | Noticed a soul eater
  2518 | D        | Killed an orc high priest
  2521 | D        | Killed an orc high priest
  2522 | D        | Found Kurufex's Jewellery Shoppe.
  2530 | D        | Killed an orc high priest
  2530 | D        | Reached skill level 17 in Unarmed Combat
  2532 | D        | Found Jeumet's General Store.
  2536 | D        | Found Erph's Magic Scroll Shoppe.
  2536 | D        | Noticed an orc high priest
  2541 | D        | Killed an orc high priest
  2541 | D        | Noticed an orc high priest
  2554 | D        | Killed an orc high priest
  2562 | D        | Bought a scroll of acquirement for 520 gold pieces
  2565 | D        | Got a fine bronze amulet
  2566 | D        | Identified the amulet "Teza" {Spirit rC- Int+3} (You
                  | acquired it in the Dungeon)
  2577 | D        | Bought the amulet of Vitality {Regen+ HP+15} for 1106 gold
                  | pieces
  2577 | D        | Found the amulet of Vitality {Regen+ HP+15}
  2781 | D        | Noticed Urug
  2792 | D        | Killed Urug
  2964 | D        | Noticed an ogre mage
  2981 | D        | Noticed a stone giant
  2984 | D        | Killed an ogre mage
  2987 | D        | Noticed an ogre mage
  2991 | D        | Noticed a deep troll shaman
  2993 | D        | Killed a stone giant
  2994 | D        | Received a gift from Okawaru
  3000 | D        | Killed an ogre mage
  3002 | D        | Killed a deep troll shaman
  3141 | D        | Noticed Saint Roka
  3158 | D        | Killed Saint Roka
  3158 | D        | Received a gift from Okawaru
  3158 | D        | Reached skill level 18 in Unarmed Combat
  3158 | D        | Reached XP level 13. HP: 44/90 MP: 25/30
  3243 | D        | Noticed a thorn hunter
  3250 | D        | Killed a thorn hunter
  3327 | D        | Received a gift from Okawaru
  3336 | D        | Reached skill level 15 in Fighting
  3393 | D        | Noticed an entropy weaver
  3400 | D        | Killed an entropy weaver
  3471 | D        | Reached skill level 19 in Unarmed Combat
  3590 | D        | Noticed Nergalle
  3594 | D        | Noticed Nessos
  3600 | D        | Killed Nergalle
  3600 | D        | Gained mutation: Your large and strong wings let you fly
                  | indefinitely. [Gargoyle growth]
  3600 | D        | Reached XP level 14. HP: 100/100 MP: 29/32
  3619 | D        | Killed Nessos
  3619 | D        | Received a gift from Okawaru
  3619 | D        | Reached skill level 15 in Spellcasting
  3716 | D        | Noticed a white very ugly thing
  3716 | D        | Noticed a sphinx
  3721 | D        | Killed a white very ugly thing
  3792 | D        | Paralysed by a sphinx for 3 turns
  3793 | D        | Noticed a vampire knight
  3796 | D        | Killed a sphinx
  3804 | D        | Killed a vampire knight
  3820 | D        | Received a gift from Okawaru
  3826 | D        | Reached skill level 20 in Unarmed Combat
  3958 | D        | Noticed a purple very ugly thing
  3960 | D        | Noticed a fire giant
  3961 | D        | Noticed a stone giant
  3965 | D        | Noticed a green very ugly thing
  3967 | D        | Killed a purple very ugly thing
  3968 | D        | Noticed a lich
  3972 | D        | Killed a fire giant
  3976 | D        | Killed a stone giant
  3983 | D        | Killed a green very ugly thing
  3987 | D        | Killed a lich
  3987 | D        | Reached skill level 15 in Dodging
  4045 | D        | Noticed a vault warden
  4071 | D        | Killed a vault warden
  4074 | D        | Noticed a deep elf master archer
  4074 | D        | Noticed a purple draconian
  4075 | D        | Received a gift from Okawaru
  4082 | D        | Killed a deep elf master archer
  4082 | D        | Reached XP level 15. HP: 18/109 MP: 22/36
  4091 | D        | Reached skill level 21 in Unarmed Combat
  4116 | D        | Noticed a vault warden
  4119 | D        | Received a gift from Okawaru
  4130 | D        | HP: 3/126 [stone giant (34)]
  4131 | D        | Slain by a stone giant

Levels and vault maps discovered:
D:        linesprint [early_d, line_temple, items_1, d_10, items_2, lair_1,
          lair_end, items_3, orc_1, orc_end, items_4, d_15, swamp_1, shoals_1,
          snake_1, spider_1, d_20, vaults_1, items_5, swamp_end, shoals_end,
          snake_end, spider_end, vaults_end, d_27, items_6, zot_1, zot_end,
          crypt_end, forest_end, elf_end, slime_end, tomb_end, abyss_end,
          pan_hell_end]
